 Dungeon Sprint DCSS version 0.18.1-50-g88ac8fd (webtiles) character file.

50 Inkary the Ruffian (level 3, -7/58 HPs)
             Began as a Troll Berserker on Sept 18, 2016.
             Was an Elder of Trog.
             Mangled by a hill giant
             ... wielding a +0 giant club
              (27 damage)
             ... in the Dungeon (Sprint IX: "|||||||||||||||||||||||||||||").
             The game lasted 00:01:05 (122 turns).

Inkary the Ruffian (Troll Berserker)                 Turns: 122, Time: 00:01:05

Health: -7/58      AC:  8    Str: 30    XL:     3   Next: 55%
Magic:  2/2        EV: 12    Int:  3    God:    Trog [****..]
Gold:   0          SH:  0    Dex: 10    Spells: 0 memorised, 2 levels left

rFire  . . .     SeeInvis .       - Unarmed
rCold  . . .     Gourm    +     a - +0 animal skin
rNeg   . . .     Faith    .     (no shield)
rPois  .         Spirit   .     (helmet restricted)
rElec  .         Dismiss  .     n - +0 cloak
rCorr  .         Reflect  .     (gloves unavailable)
SustAt .         Harm     .     (boots unavailable)
MR     ++...     NoTele   +     (no amulet)
Stlth  ..........               p - +2 ring of protection
                                o - +2 ring of evasion

@: berserking, regenerating, very quick, very resistant to hostile enchantments,
extremely unstealthy
A: unfitting armour, claws 3, fast metabolism 3, gourmand, regeneration 2,
shaggy fur 1, tough skin 2
a: Berserk, Trog's Hand, Brothers in Arms, Burn Spellbooks, Renounce Religion


You were in the Dungeon.
You worshipped Trog.
Trog was greatly pleased with you.
You were full.

You visited 1 branch

Inventory:

Hand Weapons
 m - a +2 scimitar of flaming
Armour
 a - a +0 animal skin (worn)
 n - a +0 cloak (worn)
Jewellery
 o - a +2 ring of evasion (left claw)
 p - a +2 ring of protection (right claw)
Wands
 l - a wand of lightning (7/15)
Scrolls
 h - 2 scrolls of blinking
 k - 3 scrolls of remove curse
Potions
 c - 5 potions of curing
 d - 3 potions of heal wounds
 e - a potion of haste
 f - 4 potions of magic
 g - a potion of berserk rage
 j - a potion of invisibility
Comestibles
 b - 2 bread rations
 i - 2 chunks of flesh


   Skills:
 + Level 3.8 Fighting
 + Level 3.7 Dodging
 * Level 5.9 Unarmed Combat


You had 2 spell levels left.
You didn't know any spells.

Dungeon Overview and Level Annotations

Branches:
Dungeon (1/1)

Altars:
Cheibriados
Dithmenos
Elyvilon
Fedhas
Gozag
Kikubaaqudgha
Makhleb
Nemelex Xobeh
Okawaru
Pakellas
Qazlal
Ru
Sif Muna
Trog
Vehumet
Xom
Yredelemnul
Zin
The Shining One
Beogh
Jiyva
Lugonu


Innate Abilities, Weirdness & Mutations

You are too large for most types of armour.
You have claws for hands.
Your metabolism is lightning-fast.
You like to eat raw meat.
You heal very quickly.
You are covered in fur (AC +1).
You have very tough skin (AC +2).


Message History

The hill giant shouts!
The orc priest shouts!
The ogre shouts!
The orc shouts!
You claw the hill giant!
The hill giant is lightly wounded.
The hill giant closely misses you.
Your skin crawls.
You feel resistant to hostile enchantments.
You feel slightly less full.
A red film seems to cover your vision as you go berserk!
You feel yourself moving faster!
You feel mighty!
You feel somewhat less full.
The hill giant hits you with a giant club!
You scratch the hill giant.
The hill giant is moderately wounded.
The hill giant hits you with a giant club!!
Ouch! That really hurt!
You claw the hill giant!
The hill giant is heavily wounded.
You mangle the hill giant!!
The hill giant is severely wounded.
The hill giant hits you with a giant club!!
You die... ▓▓▓▓▓▓▓▓▓▓▓▓▓▓▓▓▓▓▓▓▓▓▓▓ _______'.?|)[.[.@CoOoZo. ▓▓▓▓▓▓▓▓▓▓▓▓▓▓▓▓▓▓▓▓▓▓▓▓

You could see a hill giant, an ogre, an orc priest, 2 orcs and a quokka skeleton.

Vanquished Creatures
  A hound (D)
  An adder (D)
  A giant gecko (D)
  An orc (D)
  A giant cockroach (D)
  2 goblins (D)
  A giant newt (D)
  A kobold (D)
  A rat (D)
10 creatures vanquished.

Notes
Turn   | Place    | Note
--------------------------------------------------------------
     0 | D        | Inkary the Troll Berserker began the quest for the Orb.
     0 | D        | Reached XP level 1. HP: 22/22 MP: 0/0
    10 | D        | Reached ** piety under Trog
    26 | D        | Noticed a hound
    32 | D        | Killed a hound
    32 | D        | Reached *** piety under Trog
    32 | D        | Reached skill level 5 in Unarmed Combat
    32 | D        | Reached XP level 2. HP: 31/31 MP: 1/1
    32 | D        | Reached XP level 3. HP: 37/37 MP: 2/2
    39 | D        | Reached **** piety under Trog
    67 | D        | Found a glowing silver altar of Zin.
    67 | D        | Found a glowing golden altar of the Shining One.
    67 | D        | Found an ancient bone altar of Kikubaaqudgha.
    67 | D        | Found a basalt altar of Yredelemnul.
    67 | D        | Found a shimmering altar of Xom.
    67 | D        | Found a radiant altar of Vehumet.
    68 | D        | Found an iron altar of Okawaru.
    69 | D        | Found a burning altar of Makhleb.
    70 | D        | Found a deep blue altar of Sif Muna.
    71 | D        | Found a bloodstained altar of Trog.
    72 | D        | Found a sparkling altar of Nemelex Xobeh.
    73 | D        | Found a white marble altar of Elyvilon.
    74 | D        | Found a roughly hewn altar of Beogh.
    75 | D        | Found a viscous altar of Jiyva.
    76 | D        | Found a corrupted altar of Lugonu.
    77 | D        | Found a blossoming altar of Fedhas.
    78 | D        | Found a snail-covered altar of Cheibriados.
    79 | D        | Found a shadowy altar of Dithmenos.
    80 | D        | Found a stormy altar of Qazlal.
    81 | D        | Found an opulent altar of Gozag.
    82 | D        | Found a sacrificial altar of Ru.
    83 | D        | Found an oddly glowing altar of Pakellas.
   116 | D        | Noticed a hill giant
   116 | D        | Noticed an ogre
   122 | D        | Mangled by a hill giant

Skill      XL: |  1 |
---------------+----+-----
Fighting       | 3 |  3.8
Dodging        | 3 |  3.7
Unarmed Combat | 5 |  5.9

Action                   || total
-------------------------++-------
Melee: Unarmed           ||    26
       Punch             ||     1
Invok: Berserk           ||     2
       Trog's Hand       ||     1
  Eat: Chunk             ||     5
Armor: Animal skin       ||     6
Dodge: Dodged            ||     5
